 Dungeon Crawl Stone Soup version 0.19.4-8-ga85b6b9 (webtiles) character file.

2249 Naow the Thaumaturge (level 9, -7/40 HPs)
             Began as a Deep Elf Fire Elementalist on Feb 8, 2017.
             Was a Follower of Vehumet.
             Mangled by a manticore (8 damage)
             ... on level 6 of the Dungeon.
             The game lasted 00:14:48 (9109 turns).

Naow the Thaumaturge (Deep Elf Fire Elementalist)   Turns: 9109, Time: 00:14:49

Health: -7/40      AC:  2    Str:  4 (5)  XL:     9   Next: 15%
Magic:  1/23       EV: 12    Int: 22 (24) God:    Vehumet [*.....]
Gold:   419        SH:  3    Dex: 11 (15) Spells: 5 memorised, 10 levels left

rFire  . . .     SeeInvis +     m - +1 whip (freeze)
rCold  . . .     Gourm    .     a - +0 robe
rNeg   . . .     Faith    .     (no shield)
rPois  .         Spirit   .     (no helmet)
rElec  .         Reflect  +     (no cloak)
rCorr  .         Harm     .     (no gloves)
MR     .....                    (no boots)
Stlth  ++........               k - +3 amulet of reflection
                                (no ring)
                                r - ring of see invisible

@: no status effects
A: deterioration 1, frail 1, sturdy frame 1
a: Renounce Religion


You were on level 6 of the Dungeon.
You worshipped Vehumet.
Vehumet was aware of your devotion.
You were hungry.

You visited 1 branch of the dungeon, and saw 6 of its levels.

You collected 419 gold pieces.

Inventory:

Hand Weapons
 m - a +1 whip of freezing (weapon)
Armour
 a - a +0 robe (worn)
 f - a +0 buckler
 H - a cursed +0 leather armour
Jewellery
 k - a +3 amulet of reflection (around neck)
 r - a ring of see invisible (left hand)
 B - an uncursed ring of fire {unknown}
 D - an uncursed amulet of guardian spirit {unknown}
 I - a +2 ring of evasion {unknown}
 K - an uncursed amulet of harm {unknown}
Wands
 u - a wand of polymorph (15/24)
 F - a wand of paralysis (0/24)
Scrolls
 d - 7 scrolls of identify {unknown}
 e - 5 scrolls of recharging {unknown}
 g - a scroll of noise {unknown}
 j - a scroll of remove curse {unknown}
 l - 2 scrolls of teleportation {unknown}
 p - 3 scrolls of amnesia {unknown}
 s - a scroll of enchant weapon {unknown}
 t - a scroll of enchant armour {unknown}
 v - a scroll of immolation {unknown}
 w - 2 scrolls of fog {unknown}
 x - 2 scrolls of fear {unknown}
 G - a scroll of blinking {unknown}
Potions
 n - 4 potions of lignification
Books
 b - a book of Flames

   Spells                             Type                      Level
   a - Flame Tongue                   Conjuration/Fire             1
   b - Throw Flame                    Conjuration/Fire             2
   c - Conjure Flame                  Conjuration/Fire             3
   d - Inner Flame                    Hexes/Fire                   3
   e - Sticky Flame                   Conjuration/Fire             4
   f - Fireball                       Conjuration/Fire             5
 y - Sif Muna's Incunabulum of Beguiling
   (You found it on level 4 of the Dungeon)

   Spells                             Type                      Level
   a - Corona                         Hexes                        1
Comestibles
 c - 4 bread rations
 h - 4 chunks of flesh
 i - 3 meat rations
 o - a slice of pizza
 q - 2 beef jerkies


   Skills:
 - Level 2.4 Dodging
 - Level 2.4 Stealth
 + Level 4.3 Shields
 + Level 8.7 Spellcasting
 + Level 6.8 Conjurations
 + Level 7.7 Fire Magic


You had 10 spell levels left.
You knew the following spells:

 Your Spells              Type           Power        Failure   Level  Hunger
a - Flame Tongue          Conj/Fire      #####        1%          1    None
b - Throw Flame           Conj/Fire      #####.       1%          2    None
c - Conjure Flame         Conj/Fire      #####...     1%          3    None
d - Sticky Flame          Conj/Fire      #####...     4%          4    ##.....
e - Fireball              Conj/Fire      #####.....   12%         5    #####..


Dungeon Overview and Level Annotations

Branches:
Dungeon (6/15)
 Temple: D:4-7

Altars:
Dithmenos
Fedhas
Kikubaaqudgha
Makhleb
Nemelex Xobeh
Qazlal
Sif Muna
Vehumet
The Shining One


Innate Abilities, Weirdness & Mutations

Your body sometimes deteriorates upon taking damage.
You are frail. (-10% HP)
Your movements are slightly less encumbered by armour. (ER -2)


Message History

Vehumet accepts your kill.
A manticore comes into view.
Casting: Flame Tongue
Confirm with . or Enter, or press ? or * to list all spells.
You can't see any susceptible monsters within range! (Use Z to cast anyway.)
Casting: Flame Tongue
Confirm with . or Enter, or press ? or * to list all spells.
Aiming: Sticky Flame
Press: ? - help, Shift-Dir - straight line, f - manticore
Aim: a manticore The sticky flame hits the manticore.
The manticore is lightly wounded.
The manticore is covered in liquid flames!
You are feeling hungry.
The manticore burns!
The manticore bites you!!
Ouch! That really hurt!
The manticore claws you!
* * * LOW HITPOINT WARNING * * *
The manticore claws you!
You die...

##...#
#...[......###
###.###........#..##
#..#..#.....###.##
##........### #.##
#...#####.#####.#.
#.### ##....##...
#.# #.....###.. #H#
#.....#.... #@#
###....[))).. ##.#
#..(..<#..[.# #..#
##.#(...####.#
.......### ♣...#####
#.# ....... ♣♣..♣
#.[ ......# ♣.♣♣
##.. ...... ♣.♣
#####..# ?..... ♣.♣
#.....## ..._. ♣♣.♣
########


You could see a manticore (burning).

Vanquished Creatures
  Pikel (D:6)
  Grinder (D:5)
  Edmund (D:6)
  2 phantoms
  An ogre (D:6)
  A centaur (D:6)
  2 scorpions (D:6)
  5 wights (D:6)
  A bullfrog zombie (D:5)
  A crimson imp (D:6)
  A jelly (D:1)
  A hound (D:3)
  An orc priest (D:4)
  5 orc wizards
  2 bullfrog skeletons (D:6)
  An iguana (D:4)
  Natasha (thrice) (D:3)
  3 worker ants
  A killer bee zombie (D:6)
  A hound skeleton (D:4)
  2 worker ant zombies
  Robin (D:3)
  3 gnolls (D:5)
  6 adders
  A shadow imp (D:5)
  5 oozes
  An adder skeleton (D:6)
  5 worms
  6 dart slugs
  3 leopard geckos
  9 orcs
  11 bats
  9 giant cockroaches
  15 goblins
  5 hobgoblins
  6 jackals (D:1)
  3 quokkas
  5 ball pythons
  3 frilled lizards
  7 kobolds
  A leopard gecko zombie (D:5)
  A quokka zombie (D:5)
  11 rats
154 creatures vanquished.

Vanquished Creatures (others)
  2 slaves (D:6)
  A jelly (D:6)
  A worker ant (D:6)
  5 orcs (D:6)
9 creatures vanquished.

Grand Total: 163 creatures vanquished

Notes
Turn   | Place    | Note
-------+----------+-------------------------------------------
     0 | D:1      | Naow the Deep Elf Fire Elementalist began the quest for the Orb.
     0 | D:1      | Reached XP level 1. HP: 10/10 MP: 6/6
     1 | D:1      | Found a runed door.
     2 | D:1      | Noticed a jelly
   441 | D:1      | Reached XP level 2. HP: 15/15 MP: 5/8
   846 | D:1      | Found a glowing golden altar of the Shining One.
  1058 | D:1      | Reached XP level 3. HP: 11/19 MP: 2/10
  1627 | D:1      | Learned a level 2 spell: Throw Flame
  1631 | D:1      | Learned a level 3 spell: Conjure Flame
  1808 | D:1      | Reached skill level 4 in Spellcasting
  1808 | D:1      | Reached XP level 4. HP: 14/24 MP: 6/12
  2686 | D:2      | Found a sparkling altar of Nemelex Xobeh.
  3101 | D:2      | Reached XP level 5. HP: 23/28 MP: 11/14
  3430 | D:3      | Reached skill level 5 in Spellcasting
  3604 | D:3      | Found a shadowy altar of Dithmenos.
  3633 | D:3      | Noticed Robin
  3675 | D:3      | Killed Robin
  3881 | D:3      | Noticed Natasha
  3885 | D:3      | Killed Natasha
  3983 | D:3      | Found a faded altar of an unknown god.
  4229 | D:3      | Noticed Natasha
  4233 | D:3      | Killed Natasha
  4233 | D:3      | Reached skill level 5 in Fire Magic
  4233 | D:3      | Reached XP level 6. HP: 29/32 MP: 12/16
  4458 | D:3      | Found a glowing golden altar of the Shining One.
  4526 | D:3      | Noticed Natasha
  4534 | D:3      | Killed Natasha
  4819 | D:4      | Learned a level 4 spell: Sticky Flame
  4825 | D:4      | Learned a level 5 spell: Fireball
  4851 | D:4      | Reached skill level 1 in Shields
  5197 | D:4      | Found an ancient bone altar of Kikubaaqudgha.
  5198 | D:4      | Found a radiant altar of Vehumet.
  5316 | D:4      | Found a deep blue altar of Sif Muna.
  5324 | D:4      | Identified Sif Muna's Incunabulum of Beguiling
  5334 | D:4      | Became a worshipper of Vehumet
  6391 | D:5      | Entered Level 5 of the Dungeon
  6577 | D:5      | Noticed Grinder
  6587 | D:5      | Killed Grinder
  6587 | D:5      | Reached skill level 6 in Spellcasting
  6587 | D:5      | Reached XP level 7. HP: 24/36 MP: 5/18
  6971 | D:5      | Reached skill level 5 in Conjurations
  7571 | D:6      | Noticed Pikel
  7609 | D:6      | Found a burning altar of Makhleb.
  7630 | D:6      | Reached XP level 8. HP: 41/41 MP: 14/20
  7635 | D:6      | Reached skill level 7 in Spellcasting
  7750 | D:6      | Killed Pikel
  8104 | D:6      | Found a blossoming altar of Fedhas.
  8142 | D:6      | Reached skill level 8 in Spellcasting
  8154 | D:6      | Reached * piety under Vehumet
  8154 | D:6      | Offered knowledge of Sting by Vehumet.
  8419 | D:5      | Gained mutation: Your body sometimes deteriorates upon taking damage. [potion of mutation]
  8419 | D:5      | Gained mutation: You are frail. (-10% HP) [potion of mutation]
  8419 | D:5      | Gained mutation: Your movements are slightly less encumbered by armour. (ER -2) [potion of mutation]
  8788 | D:6      | Reached XP level 9. HP: 40/40 MP: 15/23
  8892 | D:6      | Noticed Edmund
  8900 | D:6      | Killed Edmund
  9095 | D:6      | Found a stormy altar of Qazlal.
  9106 | D:6      | Noticed a manticore
  9109 | D:6      | HP: 1/40 [manticore (13)]
  9109 | D:6      | Mangled by a manticore

Skill      XL: |  1  2  3  4  5  6  7  8 |
---------------+-------------------------+-----
Fire Magic     | 4 5 6 7 |  7.7
Conjurations   | 2 3 4 5 6 |  6.8
Spellcasting   | 4 5 6 8 |  8.7
Shields        | 2 4 |  4.3
Dodging        | |  2.4
Stealth        | |  2.4

Action                   |  1- 3 |  4- 6 |  7- 9 || total
-------------------------+-------+-------+-------++-------
Melee: Unarmed           |     2 |     3 |     7 ||    12
       Whip              |       |       |   125 ||   125
 Cast: Flame Tongue      |    61 |   166 |    53 ||   280
       Conjure Flame     |     2 |       |       ||     2
       Throw Flame       |       |    27 |    44 ||    71
       Sticky Flame      |       |     1 |    10 ||    11
       Fireball          |       |       |     9 ||     9
Evoke: Wand              |       |       |     5 ||     5
  Use: Potion            |       |       |     9 ||     9
 Stab: Paralysed         |       |       |    10 ||    10
  Eat: Chunk             |     3 |    14 |     9 ||    26
       Pizza             |       |       |     1 ||     1
Armor: Robe              |     1 |    10 |    11 ||    22
       Skin              |       |       |    18 ||    18
Dodge: Dodged            |    23 |    45 |    95 ||   163
Block: Other             |       |     9 |    20 ||    29
